 Dungeon Crawl Stone Soup version 0.28.0 (webtiles) character file.

Game seed: 17991050952663865451

178050 danielguo94 the Bludgeoner (level 18, 0/116 HPs)
             Began as a Gargoyle Fighter on Feb 5, 2022.
             Was the Champion of the Shining One.
             Killed by divine providence
             ... invoked by a meliai
              (14 damage)
             ... on level 2 of the Spider Nest.
             The game lasted 01:01:08 (31807 turns).

danielguo94 the Bludgeoner (Gargoyle Fighter)      Turns: 31807, Time: 01:01:08

Health: 0/116      AC: 45    Str: 32    XL:     18   Next: 18%
Magic:  5/27       EV: 11    Int: 12    God:    the Shining One [******]
Gold:   889        SH: 12    Dex: 11    Spells: 17/17 levels left

rFire   + + .      SeeInvis .   a - +2 morningstar (flame)
rCold   + . .      Faith    .   c - +0 buckler
rNeg    + + +      Spirit   .   x - +8 chain mail of Kleptomania {rF++}
rPois   ∞          Reflect  +   M - +2 helmet {Int+3}
rElec   +          Harm     .   r - +0 cloak
rCorr   .          Rampage  .   C - +1 Delatra's gloves {ID++}
Will    +....                   B - +1 pair of boots
Stlth   ..........              E - amulet of reflection
HPRegen 0.29/turn               s - ring of protection from cold
MPRegen 0.20/turn               Y - +6 ring of strength

@: spiked, flying, slowed, glowing, studying 2 skills, very slow
A: sickness immunity, AC +13, big wings, negative energy resistance 1,
electricity resistance, torment resistance 1, petrification resistance
a: Renounce Religion, Divine Shield, Cleansing Flame, Summon Divine Warrior,
Brand Weapon With Holy Wrath


You were on level 2 of the Spider Nest.
You worshipped the Shining One.
The Shining One was exalted by your worship.
You visited 5 branches of the dungeon, and saw 26 of its levels.
You visited the Abyss 1 time.
You also visited: Gauntlet and Ice Cave.

You collected 2288 gold pieces.
You spent 1399 gold pieces at shops.

Inventory:

Hand Weapons
 a - a +2 morningstar of flaming (weapon)
 V - a +2 demon whip of electrocution
Missiles
 j - 33 poisoned darts (quivered)
 m - 4 javelins
 O - 8 silver javelins
 P - 2 atropa-tipped darts
 T - 5 throwing nets
 X - 4 curare-tipped darts
Armour
 c - a +0 buckler (worn)
 h - a +2 pair of gloves
 r - a +0 cloak (worn)
 x - the +8 chain mail of Kleptomania (worn) {rF++}
   (You found it on level 3 of the Dungeon)

   rF:        It greatly protects you from fire.
 B - a +1 pair of boots (worn)
 C - the +1 Delatra's gloves (worn) {ID++}
   (You found it on level 6 of the Dungeon)

   It heals its wearer when they drink unknown potions.
   It restores its wearer's MP when they read unknown scrolls.
 K - a +1 plate armour of cold resistance
 M - a +2 helmet of intelligence (worn)
 Q - the +3 hat of Pondering {ponderous, Will+ MP+10 Int+5}
   (You took it off Gastronok on level 8 of the Dungeon)

   Int:       It affects your intelligence (+5).
   MP:        It affects your magic capacity (+10).
   Will:      It increases your willpower.
Jewellery
 q - a +4 ring of slaying
 s - a ring of protection from cold (left hand)
 E - an amulet of reflection (around neck)
 G - a +6 ring of dexterity
 Y - a +6 ring of strength (right hand)
Wands
 e - a wand of digging (29)
 l - a wand of mindburst (8)
 w - a wand of iceblast (12)
 H - a wand of paralysis (7)
 N - a wand of charming (7)
 W - a wand of acid (11)
Scrolls
 f - 4 scrolls of magic mapping
 i - 5 scrolls of fog
 n - a scroll of silence
 p - 3 scrolls of fear
 t - 8 scrolls of teleportation
 u - a scroll of summoning
 A - 2 scrolls of blinking
 D - 4 scrolls of amnesia {unknown}
 L - 6 scrolls of immolation {unknown}
 R - 3 scrolls of enchant armour {unknown}
 S - 2 scrolls of enchant weapon
 Z - 3 scrolls of vulnerability {unknown}
Potions
 b - 7 potions of heal wounds
 d - 3 potions of might
 g - 10 potions of curing
 k - 7 potions of haste
 o - a potion of resistance
 v - 3 potions of lignification
 y - a potion of mutation
 F - 4 potions of attraction {unknown}
 I - 2 potions of cancellation
 J - a potion of ambrosia
 U - 2 potions of magic {unknown}


   Skills:
 + Level 13.8 Fighting
 + Level 1.2(11.6) Axes
 * Level 19.2 Maces & Flails
 + Level 13.6 Armour
 + Level 5.7 Dodging
 + Level 14.7 Shields
 * Level 12.5 Invocations
 + Level 3.4 Evocations


You had 17 spell levels left.
You didn't know any spells.
Your spell library contained the following spells:

 Spells                   Type           Power      Damage    Failure   Level
 Magic Dart               Conj           0%         1d3       77%         1
 Call Imp                 Summ           0%         N/A       88%         2
 Passwall                 Tmut/Erth      0%         N/A       88%         2
 Searing Ray              Conj           0%         2d4       88%         2
 Mephitic Cloud           Conj/Pois/Air  0%         N/A       98%         3
 Portal Projectile        Hex/Tloc       0%         N/A       98%         3
 Fulminant Prism          Conj/Hex       0%         3d6       100%        4
 Hailstorm                Conj/Ice       0%         3d3       100%        4
 Ice Form                 Ice/Tmut       0%         N/A       100%        4
 Leda's Liquefaction      Hex/Erth       0%         N/A       100%        4
 Summon Ice Beast         Ice/Summ       0%         N/A       100%        4
 Borgnjor's Vile Clutch   Necr/Erth      0%         N/A       100%        5
 Freezing Cloud           Conj/Ice/Air   0%         6-21      100%        5
 Irradiate                Conj/Tmut      0%         3d13      100%        5
 Lee's Rapid Deconstruct  Erth           0%         3d5*      100%        5
 Summon Forest            Summ/Tloc      0%         N/A       100%        5
 Eringya's Noxious Bog    Tmut/Pois      0%         N/A       100%        6
 Simulacrum               Ice/Necr       0%         N/A       100%        6
 Haunt                    Necr/Summ      0%         N/A       100%        7
 Ozocubu's Refrigeration  Ice            0%         4d5       100%        7
 Summon Hydra             Summ           0%         N/A       100%        7
 Sublimation of Blood     Necr           Unusable   N/A       N/A         2
 Statue Form              Tmut/Erth      Unusable   N/A       N/A         6

Dungeon Overview and Level Annotations

Branches:
Dungeon (15/15)            Temple (1/1) D:5            Lair (6/6) D:10
 Shoals (0/4) Lair:3       Spider (2/4) Lair:3        Slime (0/5) Lair:5
    Orc (2/2) D:12            Elf (0/3) Orc:2        Vaults (0/5) D:13
 Depths (0/4) D:15          IceCv (visited)         Gauntlet (visited)

Altars:
Cheibriados
Dithmenos
Gozag
Hepliaklqana
Kikubaaqudgha
Okawaru
Ru
Sif Muna
Trog
Xom
Zin
The Shining One

Shops:
D:9 :   Orc:2 (*[*::

Annotations:
D:14 1 runed translucent door
Lair:5 exclusion: 4 oklob plants


Innate Abilities, Weirdness & Mutations

You are immune to sickness and miasma.
Your stone body is resilient. (AC +13)
You are immune to poison.
Your large and strong wings let you fly.
You resist negative energy. (rN+)
You are resistant to electric shocks. (rElec)
You are resistant to unholy torment.
You are immune to petrification.


Message History

The jumping spider simulacrum vaporises!
The golden flame engulfs the steelbarb worm!!
The steelbarb worm is severely wounded.
The golden flame engulfs the redback simulacrum!!
The redback simulacrum writhes in agony!
The redback simulacrum is almost destroyed.
The golden flame engulfs the radroach.
The radroach is lightly wounded.
You hear an angry hiss.
You hear a shout!
The wolf spider hits you but does no damage.
You block the wolf spider's attack. You block the steelbarb worm's attack.
The wolf spider hits you but does no damage.
The wolf spider barely misses you. The redback simulacrum bites you.
* * * LOW HITPOINT WARNING * * *
The redback simulacrum freezes you. You resist.
* * * LOW HITPOINT WARNING * * *
The steelbarb worm hits you but does no damage.
The steelbarb worm misses you.
A redback comes into view.
A jumping spider comes into view.
The wolf spider closely misses you.
The wolf spider bites you but does no damage.
Unknown command.
Unknown command.
Unknown command.
Blink to where?
Press: ? - help, Dir - move target
As you read the scroll of blinking, it crumbles to dust.
The barbs in your skin will harm you if you move.
Continue?
The barbed spikes dig painfully into your body as you move.
* * * LOW HITPOINT WARNING * * *
The barbed spikes dig painfully into your body as you move.
* * * LOW HITPOINT WARNING * * *
The meliai invokes the aid of its god against you.
Something smites you!
* * * LOW HITPOINT WARNING * * *
You feel much better.
The steelbarb worm hits you but does no damage.
The meliai calls down the wrath of its god upon you.
Something smites you!
You die...

..## [..# .. #####s..
####
..####......###...##
........... #......#
#.ss......###..###.##
......##..y.........#
.......#..B.s...†..##
.....Z^....yyws.@<###
....yy○§######.w†...#
.......Z.....#......#
....B.#........######
..#.....^.###..# s
#.y........^.#
#.............^
........#.^.....#
.....#..#..#......


You could see a radroach (soul bound), 2 steelbarb worms, a wolf spider (soul
bound), a jumping spider and 3 meliai.

Vanquished Creatures
  The ghost of pdpol the Warrior, an adept MiBe of Trog (Spider:1)
  Jorgrun (D:12)
  Mlioglotl (Spider:1)
  Frances (Spider:1)
  Agnes (Spider:1)
  Gastronok (D:8)
  An orc warlord (Orc:2)
  A ghost moth (Spider:1)
  A very ugly thing (Abyss:2)
  A stone giant (D:15)
  3 broodmothers
  A minotaur (Gauntlet)
  An entropy weaver (Spider:1)
  A blizzard demon (Abyss:2)
  A great orb of eyes (D:14)
  A yaktaur captain (D:14)
  The ghost of Wuvuatt the Impaler, a journeyman MiBe of Trog (Lair:2)
  Fannar (Lair:2)
  Harold (D:8)
  A vault guard (D:13)
  2 boulder beetles
  7 hydras
  An ogre mage (D:15)
  A juggernaut simulacrum (Abyss:2)
  Erica (Lair:2)
  2 radroaches
  8 two-headed ogres
  A merfolk avatar (Lair:6)
  A death scarab (Spider:2)
  3 centaur warriors
  16 death yaks
  A deep troll earth mage (D:14)
  2 tengu warriors (D:15)
  An orc high priest (Orc:2)
  Sonja (Lair:2)
  2 wretched stars (Abyss:2)
  An iron troll (D:13)
  A sixfirhy (Abyss:2)
  2 soul eaters (Gauntlet)
  13 skeletal warriors
  2 pharaoh ants (Spider:2)
  3 sea snakes
  A deep troll (D:14)
  A sun moth (Spider:1)
  2 orb spiders
  A steelbarb worm (Spider:1)
  A bog body (IceCv)
  A phantasmal warrior (D:14)
  A lindwurm (Lair:5)
  Pikel (D:9)
  A wizard (D:13)
  5 deep elf pyromancers
  4 orc sorcerers (Orc:2)
  4 cyclopes
  4 orc knights (Orc:2)
  6 wolf spiders
  16 ugly things
  5 manticores
  An oklob plant (Lair:4)
  30 elephants
  2 moths of wrath
  Maurice (Orc:2)
  Joseph (D:9)
  14 black mambas
  A merfolk siren (Lair:3)
  A centaur zombie (D:10)
  A gargoyle (D:12)
  A torpor snail (Spider:1)
  Maggie (D:9)
  An ice statue (IceCv)
  A molten gargoyle (Orc:2)
  13 cane toads
  An unseen horror (shapeshifter) (D:14)
  A yaktaur (D:14)
  2 unseen horrors
  2 demonic crawlers
  2 tengu conjurers
  Psyche (D:9)
  A freezing wraith (Abyss:2)
  13 komodo dragons
  2 efreet (D:15)
  8 rime drakes
  An anaconda simulacrum (IceCv)
  4 trolls
  A meliai (Lair:3)
  2 polar bears (Lair:6)
  11 tarantellas
  A snapping turtle (Lair:6)
  A tarantella (shapeshifter) (D:14)
  2 hornets
  14 slime creatures
  18 blink frogs
  5 raiju (Abyss:2)
  2 wind drakes (Lair:6)
  4 jumping spiders
  A centaur simulacrum (D:14)
  7 culicivoras
  4 wyverns
  Sigmund (D:5)
  3 wraiths
  2 ynoxinuls (Abyss:2)
  8 large abominations
  30 yaks
  5 death yak simulacra (IceCv)
  A chaos spawn (Abyss:2)
  Grum (D:10)
  11 basilisks
  4 steam dragons
  19 redbacks
  4 vampire mosquitoes
  5 wargs
  4 harpy simulacra (IceCv)
  8 small abominations
  16 water moccasins
  An acid dragon (D:12)
  An ice beast (D:5)
  A hornet zombie (D:5)
  33 orc warriors
  3 black bears
  2 sky beasts
  9 ogres
  10 wolves
  3 centaurs
  2 phantoms
  A kobold brigand (D:11)
  12 bullfrogs
  2 scorpions
  5 two-headed ogre simulacra (IceCv)
  A cane toad simulacrum (IceCv)
  2 wyvern skeletons (D:6)
  8 killer bees
  An elephant simulacrum (IceCv)
  4 electric eels
  2 howler monkeys (D:9)
  A bullfrog zombie (D:5)
  3 hounds
  8 orc priests
  2 iguanas
  9 hell rats
  14 orc wizards
  3 spriggan simulacra (IceCv)
  6 troll simulacra (IceCv)
  5 polar bear simulacra (IceCv)
  A wolf simulacrum (IceCv)
  A howler monkey zombie (D:10)
  4 gnolls
  7 river rats (Lair:1)
  12 adders
  4 naga simulacra (IceCv)
  10 shadow imps
  6 white imps
  6 ufetubi (IceCv)
  5 worms
  3 dart slugs
  84 orcs
  3 bats
  8 endoplasms
  9 giant cockroaches
  4 goblins
  5 hobgoblins
  6 jackals
  9 quokkas
  8 ball pythons
  4 frilled lizards
  13 kobolds
  11 rats
  A bush (Lair:4)
828 creatures vanquished.

Vanquished Creatures (others)
  A bog body (IceCv)
  A quasit (Abyss:2)
  99 fungi
  107 plants
208 creatures vanquished.

Grand Total: 1036 creatures vanquished

Notes
Turn   | Place    | Note
-------+----------+-------------------------------------------
     0 | D:1      | danielguo94 the Gargoyle Fighter began the quest for the
                  | Orb.
     0 | D:1      | Reached XP level 1. HP: 14/14 MP: 1/1
    36 | D:1      | Reached XP level 2. HP: 7/19 MP: 2/2
   509 | D:1      | Reached XP level 3. HP: 21/23 MP: 3/3
   937 | D:2      | Reached skill level 3 in Maces & Flails
   989 | D:2      | Reached XP level 4. HP: 14/28 MP: 4/4
  1140 | D:2      | Found a faded altar of an unknown god.
  1499 | D:2      | Reached XP level 5. HP: 25/33 MP: 5/5
  1855 | D:3      | Reached skill level 4 in Maces & Flails
  2720 | D:4      | Reached XP level 6. HP: 38/38 MP: 6/6
  2854 | D:4      | Noticed a black bear
  2862 | D:4      | Killed a black bear
  2863 | D:4      | Reached skill level 5 in Maces & Flails
  3254 | D:5      | Entered Level 5 of the Dungeon
  3323 | D:5      | Noticed Sigmund
  3329 | D:5      | Killed Sigmund
  3330 | D:5      | Reached skill level 1 in Dodging
  3330 | D:5      | Reached XP level 7. HP: 39/43 MP: 7/7
  3360 | D:5      | Reached skill level 6 in Maces & Flails
  3412 | D:5      | Found a staircase to the Ecumenical Temple.
  3476 | Temple   | Entered the Ecumenical Temple
  3520 | Temple   | Became a worshipper of the Shining One
  3570 | D:5      | Reached skill level 5 in Armour
  4432 | D:5      | Reached skill level 7 in Maces & Flails
  4432 | D:5      | Reached XP level 8. HP: 36/48 MP: 8/8
  4845 | D:3      | Identified the +8 chain mail of Kleptomania {rF++}
  4964 | D:6      | Reached skill level 8 in Maces & Flails
  5027 | D:6      | Found a hazy altar of Hepliaklqana.
  5132 | D:6      | Reached * piety under the Shining One
  5241 | D:6      | Reached skill level 5 in Fighting
  5308 | D:6      | Reached XP level 9. HP: 43/54 MP: 9/9
  5341 | D:6      | Found the +1 Delatra's gloves {ID++}
  5639 | D:7      | Reached skill level 9 in Maces & Flails
  5977 | D:7      | Reached skill level 10 in Maces & Flails
  6331 | D:8      | Noticed Gastronok
  6495 | D:8      | Reached skill level 1 in Evocations
  6746 | D:9      | Noticed a cyclops
  6839 | D:9      | Killed a cyclops
  6840 | D:9      | Reached skill level 11 in Maces & Flails
  6840 | D:9      | Reached XP level 10. HP: 28/60 MP: 10/10
  7057 | D:9      | Reached skill level 5 in Shields
  7167 | D:9      | Noticed a two-headed ogre
  7169 | D:9      | Noticed Psyche
  7170 | D:9      | Killed a two-headed ogre
  7182 | D:9      | Noticed Pikel
  7183 | D:9      | Killed Psyche
  7651 | D:9      | Killed Pikel
  7652 | D:9      | Reached skill level 12 in Maces & Flails
  7700 | D:9      | Noticed Maggie
  7705 | D:9      | Noticed Joseph
  7733 | D:9      | Killed Maggie
  7738 | D:9      | Killed Joseph
  7803 | D:9      | Found Amomoduk's Book Shoppe.
  8001 | D:10     | Entered Level 10 of the Dungeon
  8001 | D:10     | Found a staircase to the Lair.
  8077 | D:10     | Noticed an unseen horror
  8085 | D:10     | Killed an unseen horror
  8137 | D:10     | Noticed Grum
  8173 | D:10     | Killed Grum
  8174 | D:10     | Reached XP level 11. HP: 28/66 MP: 11/11
  8491 | D:10     | Reached skill level 13 in Maces & Flails
  8518 | D:10     | Reached ** piety under the Shining One
  8531 | D:10     | Noticed a two-headed ogre
  8534 | D:10     | Killed a two-headed ogre
  8688 | D:10     | Noticed a two-headed ogre
  8699 | D:10     | Killed a two-headed ogre
  9056 | D:8      | Killed Gastronok
  9057 | D:8      | Reached skill level 1 in Invocations
  9281 | D:8      | Noticed Harold
  9293 | D:8      | Killed Harold
  9675 | D:11     | Found a glowing golden altar of the Shining One.
  9761 | D:11     | Noticed a boulder beetle
  9767 | D:11     | Killed a boulder beetle
 10357 | D:11     | Reached XP level 12. HP: 69/73 MP: 14/14
 10471 | Lair:1   | Entered Level 1 of the Lair of Beasts
 10630 | Lair:1   | Reached skill level 14 in Maces & Flails
 11831 | Lair:2   | Noticed a seven-headed hydra
 11877 | Lair:2   | Noticed Sonja
 12189 | Lair:2   | Reached skill level 5 in Invocations
 12243 | Lair:2   | Noticed Fannar
 12326 | Lair:2   | Killed a seven-headed hydra
 12368 | Lair:2   | Killed Fannar
 12449 | Lair:2   | Killed Sonja
 12507 | Lair:2   | Found a runed translucent door.
 12508 | Lair:2   | Noticed Wuvuatt's ghost (journeyman MiBe)
 12616 | Lair:2   | Reached *** piety under the Shining One
 12631 | Lair:2   | Noticed Erica
 12644 | Lair:2   | Killed Erica
 12964 | Lair:3   | Reached XP level 13. HP: 43/80 MP: 17/17
 13187 | Lair:2   | Reached skill level 15 in Maces & Flails
 13800 | Lair:3   | Found a hole to the Spider Nest.
 14367 | Lair:3   | Found a staircase to the Shoals.
 14528 | Lair:3   | Reached skill level 10 in Shields
 15175 | Lair:4   | Reached **** piety under the Shining One
 15826 | Lair:4   | Reached skill level 10 in Fighting
 16192 | Lair:4   | Gained mutation: Your large and strong wings let you fly.
                  | [Gargoyle growth]
 16192 | Lair:4   | Reached XP level 14. HP: 73/88 MP: 19/19
 16301 | Lair:4   | Reached skill level 16 in Maces & Flails
 16301 | Lair:4   | Reached skill level 10 in Armour
 17728 | Lair:5   | Reached ***** piety under the Shining One
 18032 | Lair:5   | Identified the +9 mace "Newtslayer" {vorpal, Str+3 Int+6
                  | Dex-4 Stlth+}
 18232 | Lair:6   | Entered Level 6 of the Lair of Beasts
 19052 | Lair:6   | Got the Catalogue of Dark Rituals
 19224 | Lair:6   | Reached XP level 15. HP: 38/95 MP: 21/21
 19413 | Lair:6   | Reached skill level 17 in Maces & Flails
 20134 | Lair:5   | Found a staircase to the Slime Pits.
 20463 | Lair:2   | Killed Wuvuatt's ghost
 20948 | D:12     | Found a staircase to the Orcish Mines.
 20985 | D:12     | Noticed Jorgrun
 21010 | D:12     | Killed Jorgrun
 21890 | D:13     | Found a gate leading to a gauntlet.
 21939 | Gauntlet | Entered a Gauntlet
 21939 | Gauntlet | Found a runed translucent gate.
 21939 | Gauntlet | Found a transporter.
 21939 | Gauntlet | Found a runed translucent gate.
 21939 | Gauntlet | Found a runed translucent gate.
 21939 | Gauntlet | Found a transporter.
 21950 | Gauntlet | Found a transporter.
 21954 | Gauntlet | Found a transporter.
 21963 | Gauntlet | Found a transporter.
 21966 | Gauntlet | Found a transporter.
 21970 | Gauntlet | Found a runed translucent door.
 21972 | Gauntlet | Found a runed translucent door.
 21974 | Gauntlet | Found a transporter.
 21992 | Gauntlet | Found a transporter.
 21996 | Gauntlet | Found a runed translucent door.
 22013 | Gauntlet | Found a transporter.
 22014 | Gauntlet | Found a transporter.
 22022 | Gauntlet | Found a transporter.
 22026 | Gauntlet | Found a transporter.
 22152 | Gauntlet | Reached ****** piety under the Shining One
 22308 | Gauntlet | Got the Handbook of the Snowflakes
 22445 | Orc:1    | Entered Level 1 of the Orcish Mines
 22475 | Orc:2    | Entered Level 2 of the Orcish Mines
 22506 | Orc:2    | Found a staircase to the Elven Halls.
 22532 | Orc:2    | Noticed Maurice
 22579 | Orc:1    | Found a frozen archway.
 22735 | IceCv    | Entered an ice cave
 23064 | IceCv    | Identified the +0 robe of the Bard {Int+2 Slay+2}
 23196 | IceCv    | Reached skill level 10 in Invocations
 23546 | IceCv    | Reached skill level 1 in Axes
 23546 | IceCv    | Reached skill level 5 in Dodging
 23546 | IceCv    | Reached XP level 16. HP: 101/101 MP: 23/23
 23981 | Orc:2    | Found Naqes's General Store.
 23985 | Orc:2    | Found Uzoavu's Self-Improvement Boutique.
 24033 | Orc:2    | Bought a scroll of noise for 14 gold pieces
 24034 | Orc:2    | Bought a scroll of silence for 105 gold pieces
 24250 | Orc:2    | Killed Maurice
 24293 | Orc:2    | Found Dotroel's Antique Weapon Emporium.
 24547 | Orc:2    | Found Caxeomid's Mass Market.
 24695 | Orc:2    | Found Puuwotug's Book Shop.
 24727 | Orc:2    | Bought a manual of Armour for 1280 gold pieces
 24775 | Orc:2    | Found Feuhuiss's Antique Armour Shop.
 24901 | Orc:2    | Paralysed by an orc sorcerer for 7 turns
 25487 | D:13     | Found a gate to the Vaults.
 25619 | D:13     | Reached skill level 18 in Maces & Flails
 25790 | D:13     | Reached XP level 17. HP: 108/108 MP: 25/25
 26166 | D:13     | Cast into level 2 of the Abyss (a wizard)
 26178 | Abyss:2  | Found a shimmering altar of Xom.
 26178 | Abyss:2  | Found a shimmering altar of Xom.
 26179 | Abyss:2  | Found a shimmering altar of Xom.
 26180 | Abyss:2  | Found a shimmering altar of Xom.
 26181 | Abyss:2  | Found a shimmering altar of Xom.
 26181 | Abyss:2  | Found a shimmering altar of Xom.
 26181 | Abyss:2  | Found a shimmering altar of Xom.
 26181 | Abyss:2  | Found a shimmering altar of Xom.
 26181 | Abyss:2  | Found a corrupted altar of Lugonu.
 26181 | Abyss:2  | Found a shimmering altar of Xom.
 26181 | Abyss:2  | Found a shimmering altar of Xom.
 26181 | Abyss:2  | Found a shimmering altar of Xom.
 26181 | Abyss:2  | Found a shimmering altar of Xom.
 26181 | Abyss:2  | Found a shimmering altar of Xom.
 26181 | Abyss:2  | Found a shimmering altar of Xom.
 26182 | Abyss:2  | Found a shimmering altar of Xom.
 26493 | D:13     | Escaped the Abyss
 26636 | D:13     | Got Sif Muna's Collected Works on Displaced Changing
 26697 | D:14     | Found a runed translucent door.
 28267 | D:15     | Entered Level 15 of the Dungeon
 28908 | D:15     | Found a staircase to the Depths.
 29561 | Spider:1 | Entered Level 1 of the Spider Nest
 29604 | Spider:1 | Noticed Mlioglotl
 29616 | Spider:1 | Killed Mlioglotl
 30408 | Spider:1 | Reached skill level 19 in Maces & Flails
 30440 | Spider:1 | Noticed Frances
 30453 | Spider:1 | Killed Frances
 30640 | Spider:1 | Found a large runed translucent door.
 30640 | Spider:1 | Found a large runed translucent door.
 30642 | Spider:1 | Noticed pdpol's ghost (adept MiBe)
 30824 | Spider:1 | Noticed Agnes
 30842 | Spider:1 | Killed Agnes
 31339 | Spider:1 | Killed pdpol's ghost
 31340 | Spider:1 | Reached XP level 18. HP: 79/116 MP: 27/27
 31360 | Spider:1 | Identified the +10 rapier of Jejutzal {vamp, rF+}
 31806 | Spider:2 | HP: 1/116 [meliai/divine providence (16)]
 31807 | Spider:2 | Killed from afar by a meliai

Illustrated notes

Levels and vault maps discovered:
D:1:      minmay_arrival_diagonal_passages, layout_basic,
          minmay_worlds_worst_comb
D:2:      minmay_thinvault, layout_rooms, basic_ecumenical_altar,
          minmay_distorted
D:3:      layout_loops_cross
D:4:      layout_basic
D:5:      layout_cave_pools, minmay_temple_entry_fiery,
          hangedman_decor_peaks_small, grunt_ministairs_11, nrook_pool_corridor,
          kennysheep_small_circle, uniq_sigmund
D:6:      layout_rooms, overflow_temple_1_default, pf_guarded_unrand_delatra
D:7:      layout_rooms
D:8:      layout_basic, uniq_harold, uniq_gastronok
D:9:      layout_roguey, serial_shops, shop, uniq_pikel, uniq_maggie,
          uniq_joseph, uniq_psyche
D:10:     layout_roguey, lair_entry_dummy, uniq_grum
D:11:     layout_stronghold, tso_oasis_becter
D:12:     layout_stronghold, erik_orc_3, uniq_jorgrun
D:13:     layout_basic, david_vaults_4, gauntlet_entry_generic, laboratory
D:14:     kennysheep_large_spiral, layout_loops_corners, minmay_holes,
          minmay_hidden_floor
D:15:     grunt_enter_depths_giant_problem, layout_loops_corners,
          glass_columns_c
Temple:   compressed_dpeg_triangle_lava_temple
Lair:1:   layout_cave_pods, nicolae_quartered_pool_little, kennysheep_rathole
Lair:2:   layout_misc_corridors, gammafunk_ghost_grave, grunt_megastairs_2,
          uniq_erica, uniq_fannar, uniq_sonja
Lair:3:   layout_chaotic_city, elwin_shoals_entry_rooms,
          hellmonk_spider_entry_not_the_bees, cheibrodos_lair_reptile_den
Lair:4:   layout_gridlike, minmay_lair_oklob_bushes, minivault_26,
          serial_bayou_shore_a, infiniplex_staircase_pool_2, lemuel_fruit_fields
Lair:5:   layout_roguey, minmay_slime_entry_oklob_enclosed, lemuel_fruit_fields
Lair:6:   gammafunk_lair_ancient_temple, layout_regular_city,
          kennysheep_basilisk_garden
Spider:1: layout_spider_delve, ebering_ghost_disaster_area,
          hangedman_spider_tarantella_strand, uniq_agnes, uniq_frances,
          uniq_mlioglotl
Spider:2: layout_spider_delve, uniq_arachne
Orc:1:    layout_caves, portal_ice_cave_entry_pillars_2, nicolae_orc_bridge_out
Orc:2:    grunt_orc_gardens, layout_caves, grunt_orc_garden, grunt_orc_garden,
          grunt_orc_garden, grunt_orc_garden, nicolae_orc_lava_tube,
          minmay_shop_mass, nicolae_shop_self_help, uniq_maurice

Skill      XL: |  1  2  3  4  5  6  7  8  9 10 11 12 13 14 15 16 17 |
---------------+----------------------------------------------------+-----
Armour         | 4 5 6 7 8 9 10 11 13 | 13.6
Maces & Flails | 3 4 5 7 8 11 12 13 14 15 16 17 18 19 | 19.2
Fighting       | 4 5 6 7 9 10 11 12 13 | 13.8
Dodging        | 1 2 3 4 5 |  5.7
Shields        | 4 6 7 9 10 12 13 14 | 14.7
Evocations     | 1 2 3 |  3.4
Invocations    | 3 5 7 9 10 12 | 12.5
Axes           | 1 |  1.2

Action                   |  1- 3 |  4- 6 |  7- 9 | 10-12 | 13-15 | 16-18 || total
-------------------------+-------+-------+-------+-------+-------+-------++-------
Melee: Flail             |   109 |   207 |   406 |   698 |  2028 |  1030 ||  4478
       Unarmed           |       |       |       |       |     1 |     3 ||     4
       Morningstar       |       |       |       |       |       |   391 ||   391
Invok: Divine Shield     |       |       |       |       |     1 |       ||     1
       Cleansing Flame   |       |       |       |       |       |    11 ||    11
Evoke: Wand              |       |     5 |     4 |    34 |     1 |       ||    44
  Use: Scroll            |       |     4 |     1 |     3 |     9 |     5 ||    22
       Potion            |       |       |     2 |     4 |     5 |     5 ||    16
Armor: Scale mail        |    58 |    98 |    97 |       |       |       ||   253
       Chain mail        |       |       |   149 |   403 |  1071 |   747 ||  2370
       Skin              |       |       |       |    11 |       |       ||    11
Dodge: Dodged            |    96 |    88 |   160 |   219 |   650 |   509 ||  1722
Block: Buckler           |    24 |    39 |   102 |   381 |  1002 |   764 ||  2312
       Reflection        |       |       |       |     9 |     5 |    10 ||    24
       Other             |       |       |       |       |     5 |     2 ||     7
